 Dungeon Crawl Stone Soup version 0.30-a0-702-gdf48620a09 (webtiles) character file.

Game seed: 1639163760258816126

259 Fenrisus the Shooter (level 6, -3/48 HPs)
             Began as a Formicid Hunter on Jan 21, 2023.
             Slain by an ogre
             ... wielding a +0 giant club
              (14 damage)
             ... on level 4 of the Dungeon.
             The game lasted 00:10:15 (2868 turns).

Fenrisus the Shooter (Formicid Hunter)              Turns: 2868, Time: 00:10:16

Health: -3/48      AC: 10    Str: 15    XL:     6   Next: 40%
Magic:  6/6        EV: 13    Int:  9    God:
Gold:   262        SH:  0    Dex: 19    Spells: 5/5 levels left

rFire   . . .      SeeInvis +    e - +1 sling (freeze)
rCold   . . .      Faith    .    (no shield)
rNeg    . . .      Spirit   .    c - +0 leather armour
rPois   .          Reflect  .    (helmet unavailable)
rElec   .          Harm     .    (no cloak)
rCorr   .          Rampage  .    i - +2 pair of gloves
Will    .....                    (no boots)
Stlth   +++                      (no amulet)
HPRegen 0.28/turn                q - +4 ring of protection
MPRegen 0.10/turn                (no ring)

@: no status effects
A: permanent stasis, dig shafts and tunnels, antennae 3, four strong arms
a: Dig, Shaft Self


You were on level 4 of the Dungeon.
You visited 1 branch of the dungeon, and saw 4 of its levels.

You collected 262 gold pieces.

Inventory:

Hand Weapons
 a - a +0 shortbow
 e - a +1 sling of freezing (weapon)
 h - a +1 trident of protection
 o - the +3 dagger of Eghyca Voov {freeze, rElec Str+2}
   (You found it on level 3 of the Dungeon)

   Str:       It affects your strength (+2).
   rElec:     It insulates you from electricity.
Missiles
 r - 6 poisoned darts
Armour
 c - a +0 leather armour (worn)
 i - a +2 pair of gloves (worn)
Jewellery
 q - a +4 ring of protection (left hand)
 s - a ring of protection from cold
Wands
 k - a wand of charming (4)
Scrolls
 b - 2 scrolls of immolation
 l - a scroll of identify
 m - a scroll of amnesia
Potions
 d - 2 potions of curing
 f - 3 potions of mutation {unknown}
 g - a potion of ambrosia
 j - 2 potions of might
 n - a potion of invisibility {unknown}
 p - a potion of heal wounds {unknown}


   Skills:
 + Level 3.8 Fighting
 + Level 5.0 Ranged Weapons
 + Level 3.1 Dodging
 + Level 4.0 Stealth


You had 5 spell levels left.
You didn't know any spells.
Your spell library contained the following spells:

 Spells                   Type           Power      Damage    Failure   Level
 Necrotise                Necr           0%         1d4       45%         1
 Vampiric Draining        Necr           0%         2d6       83%         3
 Agony                    Necr           0%         N/A       100%        5


Dungeon Overview and Level Annotations

Branches:
Dungeon (4/15)
 Temple: D:4-7

Altars:
Fedhas
Makhleb
Uskayaw


Innate Abilities, Weirdness & Mutations

You cannot be hasted, slowed, berserked, paralysed or teleported.
You can dig through walls and to a lower floor.
You have a pair of large antennae on your head. (SInv)
Your four strong arms can wield two-handed weapons with a shield.


Message History

Your Dodging skill increases to level 3!
Your Stealth skill increases to level 4!
You have reached level 6!
Found a hide-covered altar of Uskayaw.
An ogre comes into view. It is wielding a +0 giant club.
You shoot a sling bullet. The sling bullet hits the ogre.
The sling bullet freezes the ogre.
The ogre is moderately wounded.
You shoot a sling bullet.
The sling bullet barely misses the ogre.
You shoot a sling bullet. The sling bullet hits the ogre.
The sling bullet freezes the ogre.
The ogre is heavily wounded.
You shoot a sling bullet.
The sling bullet barely misses the ogre.
You shoot a sling bullet.
The sling bullet barely misses the ogre.
A scorpion comes into view.
You shoot a sling bullet.
The sling bullet barely misses the ogre.
The ogre hits you with a +0 giant club!
You shoot a sling bullet. The sling bullet hits the ogre!
The sling bullet freezes the ogre.
The ogre is severely wounded.
The ogre hits you with a +0 giant club!!
You are too injured to fight recklessly!
You are too injured to fight recklessly!
You feel better. The ogre hits you with a +0 giant club!
* * * LOW HITPOINT WARNING * * *
You shoot a sling bullet.
The sling bullet barely misses the ogre.
The ogre barely misses you.
You shoot a sling bullet. The sling bullet hits the ogre.
The sling bullet freezes the ogre.
The ogre is almost dead.
You shoot a sling bullet. The sling bullet hits the ogre.
The sling bullet freezes the ogre.
The ogre is almost dead.
The ogre hits you with a +0 giant club!
You die...

+.................#<).
≈≈...≈≈#####.######.####
≈≈...≈≈ #.#....#.#
..!≈... #.##.#.#.#
....... #.##.#.#.#
≈≈...≈≈ #.##.#.#.####
.≈...≈. #............
..≈.≈sO#####..#.#.#.....
≈.≈.≈.≈@......#.#.#.#...
≈..[).≈######...#.#.....
≈.....≈...........+.....
#≈.≈.≈#########.###)....
#≈.≈.≈#.................
#≈.≈.≈#########.###.....
#≈... #......##.# #.....
#.._. #......##.#######.
###......##.#.......


You could see an ogre and a scorpion.

Vanquished Creatures
  An ogre (D:4)
  A scorpion (D:4)
  A gnoll (D:1)
  2 adders
  3 worms (D:2)
  5 dart slugs
  An orc (D:3)
  7 ball pythons
  4 bats
  5 endoplasms
  2 giant cockroaches
  4 goblins
  6 hobgoblins
  5 jackals (D:2)
  2 quokkas
  2 frilled lizards
  9 kobolds
  7 rats
67 creatures vanquished.

Notes
Turn   | Place    | Note
-------+----------+-------------------------------------------
     0 | D:1      | Fenrisus the Formicid Hunter began the quest for the Orb.
     0 | D:1      | Reached XP level 1. HP: 16/16 MP: 1/1
   212 | D:1      | Reached XP level 2. HP: 23/23 MP: 2/2
   292 | D:1      | Reached XP level 3. HP: 19/28 MP: 3/3
  1338 | D:2      | Reached XP level 4. HP: 31/34 MP: 4/4
  2115 | D:3      | Found a blossoming altar of Fedhas.
  2188 | D:3      | Found a burning altar of Makhleb.
  2240 | D:3      | Reached XP level 5. HP: 41/41 MP: 5/5
  2374 | D:3      | Identified the +3 dagger of Eghyca Voov {freeze, rElec
                  | Str+2}
  2852 | D:4      | Noticed an ogre
  2856 | D:4      | Killed an ogre
  2857 | D:4      | Reached skill level 5 in Ranged Weapons
  2857 | D:4      | Reached XP level 6. HP: 48/48 MP: 6/6
  2857 | D:4      | Found a hide-covered altar of Uskayaw.
  2857 | D:4      | Noticed an ogre
  2868 | D:4      | Slain by an ogre

Illustrated notes

Levels and vault maps discovered:
D:1:      giann_wishing_wells, layout_basic
D:2:      layout_loops_ring, minmay_cut_off
D:3:      layout_basic, fedhas_altar_1, mainiacjoe_overflow_alcove_4,
          hangedman_decor_points, minmay_ruptured
D:4:      layout_basic, nicolae_uskayaw_suspiria, chequers_hall_statues_wall_a

Skill      XL: |  1  2  3  4  5 |
---------------+----------------+-----
Dodging        | 2 3 |  3.1
Stealth        | 2 4 |  4.0
Fighting       | 3 |  3.8
Ranged Weapons | 5 |  5.0

Action                   |  1- 3 |  4- 6 || total
-------------------------+-------+-------++-------
 Fire: Shortbow          |   141 |       ||   141
       Sling             |     8 |   113 ||   121
  Use: Scroll            |     4 |     4 ||     8
       Potion            |       |     1 ||     1
Armor: Leather armour    |     2 |    16 ||    18
Dodge: Dodged            |    16 |    26 ||    42

Table legend: (Time is in decaauts)
 A = Elapsed time spent in this place.
 B = Non-inter-level travel time spent in this place.
 C = Inter-level travel time spent in this place.
 D = Time resting spent in this place.
 E = Time spent auto-exploring this place.
 F = Levels seen in this place.
 G = Mean time per level.
                   A        B        C        D        E       F      G
               +--------+--------+--------+--------+--------+-----+--------+
         Total |   2938 |   1386 |   1552 |     60 |    803 |   4 |  734.5 |
       Dungeon |   2938 |   1386 |   1552 |     60 |    803 |   4 |  734.5 |
               +--------+--------+--------+--------+--------+-----+--------+

Top non-repeatable levels by time:
     D:1: 1203 daAuts
     D:2: 716 daAuts
     D:3: 576 daAuts
     D:4: 442 daAuts
